 Dungeon Crawl Stone Soup version 0.29-a0-80-g3050e97935 (webtiles) character file.

Game seed: 2246304110268891971

32 Gargoyl the Skirmisher (level 3, -1/35 HPs)
             Began as a Gnoll Abyssal Knight on Feb 4, 2022.
             Was a Follower of Lugonu.
             Slain by a gnoll (6 damage)
             ... on level 2 of the Dungeon.
             The game lasted 00:01:38 (1015 turns).

Gargoyl the Skirmisher (Gnoll Abyssal Knight)       Turns: 1015, Time: 00:01:40

Health: -1/35      AC:  3    Str: 14    XL:     3   Next: 25%
Magic:  6/6        EV: 12    Int:  9    God:    Lugonu [*.....]
Gold:   21         SH:  0    Dex: 12    Spells: 3/3 levels left

rFire   . . .      SeeInvis .   a - +1 hand axe
rCold   . . .      Faith    .   (no shield)
rNeg    . . .      Spirit   .   b - +0 leather armour
rPois   .          Reflect  .   (no helmet)
rElec   .          Harm     .   (no cloak)
rCorr   .          Rampage  .   (no gloves)
Will    .....                   (no boots)
Stlth   +.........              (no amulet)
HPRegen 0.11/turn               (no ring)
MPRegen 0.10/turn               (no ring)

@: no status effects
A: fangs 1, strong nose, distributed training
a: Renounce Religion, Depart the Abyss


You were on level 2 of the Dungeon.
You worshipped Lugonu.
Lugonu was aware of your devotion.
You visited 1 branch of the dungeon, and saw 2 of its levels.
You visited the Abyss 1 time.

You collected 21 gold pieces.

Inventory:

Hand Weapons
 a - a +1 hand axe (weapon)
Missiles
 e - 2 poisoned darts (quivered)
Armour
 b - a +0 leather armour (worn)
Scrolls
 f - a scroll of identify {unknown}
Potions
 c - a potion of brilliance {unknown}
 d - a potion of haste {unknown}


   Skills:
 + Level 6.5 Fighting
 + Level 0.7 Short Blades
 + Level 0.7 Long Blades
 + Level 4.5 Axes
 + Level 0.7 Maces & Flails
 + Level 0.7 Polearms
 + Level 0.7 Staves
 + Level 0.7 Slings
 + Level 0.7 Bows
 + Level 0.7 Crossbows
 + Level 0.7 Throwing
 + Level 4.5 Armour
 + Level 2.6 Dodging
 + Level 0.7 Stealth
 + Level 0.7 Shields
 + Level 0.7 Unarmed Combat
 + Level 0.7 Spellcasting
 + Level 0.5 Conjurations
 + Level 0.5 Hexes
 + Level 0.5 Summonings
 + Level 0.5 Necromancy
 + Level 0.5 Translocations
 + Level 0.5 Transmutations
 + Level 0.5 Fire Magic
 + Level 0.5 Ice Magic
 + Level 0.5 Air Magic
 + Level 0.5 Earth Magic
 + Level 0.5 Poison Magic
 + Level 4.5 Invocations
 + Level 0.7 Evocations


You had 3 spell levels left.
You didn't know any spells.
Your spell library was empty.

Dungeon Overview and Level Annotations

Branches:
Dungeon (2/15)

Altars:


Innate Abilities, Weirdness & Mutations

You have very sharp teeth.
Your uncanny sense of smell can sniff out nearby items.
Your experience applies equally to all skills.


Message History

Unknown command.
You closely miss the hobgoblin.
You bite the hobgoblin, but do no damage.
The hobgoblin is severely wounded.
You hit the quokka but do no damage. You barely miss the quokka.
The quokka misses you. x2; The hobgoblin misses you.
The quokka bites you. The quokka misses you.
You hit the hobgoblin but do no damage.
The hobgoblin is severely wounded.
You hit the quokka. x2
You kill the quokka!
Lugonu accepts your kill. The hobgoblin closely misses you.
The quokka closely misses you.
Unknown command.
You slash the hobgoblin!
You kill the hobgoblin!
Lugonu accepts your kill.
You hit the gnoll. You closely miss the quokka. The quokka bites you.
The gnoll hits you with a +0 club.
The quokka bites you but does no damage.
The gnoll hits you but does no damage.
A ball python comes into view.
Unknown command.
An endoplasm comes into view.
The gnoll hits you with a +0 club!
The endoplasm quivers.
You hit the gnoll.
The gnoll is moderately wounded.
You hit the quokka but do no damage. The quokka barely misses you.
The gnoll hits you with a +0 club.
* * * LOW HITPOINT WARNING * * *
The quokka bites you.
* * * LOW HITPOINT WARNING * * *
You closely miss the gnoll.
The gnoll is moderately wounded.
You hit the quokka.
You kill the quokka!
Lugonu accepts your kill. The gnoll hits you with a +0 club.
You die...

....# #.|.#
....# ####..#
+.<...# #.....##
#......#
...#..g†..#
....S..@..#
.(............#
.....###...###..
#.... ......
##### ##.#..J∆
.#..#.. ..... #
.. ..#


You could see a gnoll, an endoplasm and a ball python.

Vanquished Creatures
  2 ball pythons (D:1)
  3 endoplasms (D:1)
  3 giant cockroaches (D:1)
  2 goblins (D:1)
  4 hobgoblins
  3 quokkas
  3 bats (D:1)
  4 kobolds (D:1)
  5 rats (D:1)
29 creatures vanquished.

Notes
Turn   | Place    | Note
-------+----------+-------------------------------------------
     0 | Abyss:1  | Gargoyl the Gnoll Abyssal Knight began the quest for the
                  | Orb.
     0 | Abyss:1  | Reached XP level 1. HP: 23/23 MP: 3/3
     2 | D:1      | Escaped the Abyss
   180 | D:1      | Reached * piety under Lugonu
   251 | D:1      | Reached XP level 2. HP: 29/29 MP: 5/5
   752 | D:1      | Reached XP level 3. HP: 35/35 MP: 6/6
   762 | D:1      | Found a faded altar of an unknown god.
  1015 | D:2      | Slain by a gnoll

Illustrated notes

Levels and vault maps discovered:
D:1:      lemuel_arrival_funnel, layout_basic, chequers_ecumenical_altar_simple
D:2:      minmay_skewed_foursquare, layout_basic, corexii_corridor_pit

Action                   || total
-------------------------++-------
Melee: Hand axe          ||    65
       Bite              ||     6
Invok: Depart the Abyss  ||     1
 Stab: Sleeping          ||     2
Armor: Leather armour    ||    28
Dodge: Dodged            ||    62

Table legend: (Time is in decaauts)
 A = Elapsed time spent in this place.
 B = Non-inter-level travel time spent in this place.
 C = Inter-level travel time spent in this place.
 D = Time resting spent in this place.
 E = Time spent auto-exploring this place.
 F = Levels seen in this place.
 G = Mean time per level.
                   A        B        C        D        E       F      G
               +--------+--------+--------+--------+--------+-----+--------+
         Total |   1019 |    994 |     25 |      0 |    791 |   3 |  339.7 |
       Dungeon |   1017 |    992 |     25 |      0 |    791 |   2 |  508.5 |
         Abyss |      2 |      2 |      0 |      0 |      0 |   1 |    2.0 |
               +--------+--------+--------+--------+--------+-----+--------+

Top non-repeatable levels by time:
     D:1: 1003 daAuts
     D:2: 14 daAuts
 Abyss:1: 2 daAuts
